 Dungeon Crawl Stone Soup version 0.26-a0-259-g1effd001a9 (webtiles) character file.

Game seed: 16058266087873082609

3842 Mesmaeker13 the Blocker (level 9, -12/82 HPs)
             Began as a Minotaur Fighter on July 25, 2020.
             Was an Elder of Okawaru.
             Mangled by a two-headed ogre
             ... wielding a +0 giant spiked club
              (16 damage)
             ... on level 8 of the Dungeon.
             The game lasted 00:17:44 (9511 turns).

Mesmaeker13 the Blocker (Minotaur Fighter)          Turns: 9511, Time: 00:17:45

Health: -12/82     AC: 15    Str: 23    XL:     9   Next: 98%
Magic:  8/8        EV:  6    Int:  5    God:    Okawaru [****..]
Gold:   441        SH: 11    Dex: 11    Spells: 8/8 levels left

rFire    . . .     SeeInvis .   a - +0 long sword
rCold    . . .     Faith    .   c - +0 kite shield
rNeg     + . .     Spirit   .   L - +0 plate armour (curse)
rPois    +         Reflect  .   (helmet restricted)
rElec    .         Harm     .   C - +0 cloak
rCorr    .                      (no gloves)
MR       .....                  (no boots)
Stlth    ..........             (no amulet)
HPRegen  0.23/turn              w - ring of poison resistance
MPRegen  0.11/turn              t - ring of positive energy

@: no status effects
A: retaliatory headbutt, horns 2
a: Heroism, Renounce Religion


You were on level 8 of the Dungeon.
You worshipped Okawaru.
Okawaru was greatly pleased with you.
You were not hungry.

You visited 1 branch of the dungeon, and saw 8 of its levels.

You collected 441 gold pieces.

Inventory:

Hand Weapons
 a - a +0 long sword (weapon)
 j - a +2 short sword of holy wrath
Missiles
 i - 26 poisoned darts (quivered)
 y - 11 boomerangs
Armour
 c - a +0 kite shield (worn)
 C - a +0 cloak (worn)
 L - a cursed +0 plate armour (worn)
Jewellery
 n - an uncursed ring of protection from cold
 t - a ring of positive energy (right hand)
 w - a ring of poison resistance (left hand)
 J - an uncursed ring of ice
Wands
 x - a wand of iceblast (6)
 z - a wand of flame (16)
Scrolls
 b - a scroll of amnesia {unknown}
 e - a scroll of enchant armour
 g - a scroll of fog {unknown}
 o - 3 scrolls of enchant weapon
 p - 3 scrolls of remove curse
 q - 3 scrolls of teleportation
 s - 2 scrolls of fear {unknown}
 u - a scroll of blinking
 A - 2 scrolls of noise {unknown}
 F - 2 scrolls of random uselessness {unknown}
 H - a scroll of magic mapping {unknown}
 M - a scroll of identify
Potions
 d - 7 potions of might
 h - a potion of heal wounds {unknown}
 k - 3 potions of berserk rage {unknown}
 l - a potion of flight {unknown}
 m - 2 potions of ambrosia {unknown}
 r - 2 potions of mutation {unknown}
 v - a potion of magic {unknown}
 B - 2 potions of resistance {unknown}
 D - 2 potions of brilliance {unknown}
 E - a potion of cancellation {unknown}
 G - a potion of haste {unknown}
 I - a potion of invisibility {unknown}
 K - 2 potions of curing
Comestibles
 f - 23 rations


   Skills:
 + Level 8.8 Fighting
 + Level 8.2 Long Blades
 + Level 8.8 Armour
 + Level 8.8 Shields
 + Level 4.7 Evocations


You had 8 spell levels left.
You didn't know any spells.
Your spell library contained the following spells:

 Spells                   Type           Power        Failure   Level
 Shock                    Conj/Air       #...         100%        1
 Swiftness                Chrm/Air       #.......     100%        2
 Static Discharge         Conj/Air       #.......     100%        3
 Airstrike                Air            #.........   100%        4
 Lightning Bolt           Conj/Air       #.........   100%        5


Dungeon Overview and Level Annotations

Branches:
Dungeon (8/15)             Temple (0/1) D:5
   Lair: D:8-11

Altars:
Ashenzari
Cheibriados
Dithmenos
Elyvilon
Gozag
Okawaru
Qazlal
Xom
Zin

Shops:
D:5 *   D:7 *%


Innate Abilities, Weirdness & Mutations

You reflexively headbutt those who attack you in melee.
You have a pair of horns on your head.


Message History

You block the two-headed ogre's attack.
The two-headed ogre hits you with a +0 giant club.
You hit the two-headed ogre but do no damage.
The two-headed ogre is moderately wounded.
You slash the two-headed ogre!
The two-headed ogre is heavily wounded.
The two-headed ogre hits you with a +0 giant spiked club.
The two-headed ogre hits you with a +0 giant club!
* * * LOW HITPOINT WARNING * * *
Your shield and plate armour prevent you from hitting the two-headed ogre.
The two-headed ogre is heavily wounded.
The two-headed ogre hits you with a +0 giant spiked club!
* * * LOW HITPOINT WARNING * * *
The two-headed ogre hits you with a +0 giant club.
* * * LOW HITPOINT WARNING * * *
Your shield and plate armour prevent you from hitting the two-headed ogre.
The two-headed ogre is heavily wounded.
The two-headed ogre hits you but does no damage.
The two-headed ogre hits you with a +0 giant club!
You die...

#.##################
#....uO@...........#
#..###############.#
... #.# . #.# #.#
#.# #.#.. #.#
########.#.#..###
#.# #..(.....#.#....
#(#


You could see a green ugly thing and a two-headed ogre.

Vanquished Creatures
  3 hippogriffs
  2 yaks (D:6)
  A human (D:6)
  2 hogs (D:6)
  Menkaure (D:7)
  A water moccasin (D:7)
  A black bear (D:7)
  2 orc warriors
  An ice beast (D:8)
  3 ogres
  A phantom (D:5)
  A centaur (D:8)
  2 bullfrogs
  A scorpion (D:8)
  3 wights (D:8)
  A lava snake (D:7)
  A howler monkey (D:4)
  A centaur zombie (D:6)
  A jelly (D:5)
  2 quasits (D:8)
  5 orc priests
  Crazy Yiuf (D:4)
  2 hounds
  A centaur skeleton (D:6)
  3 iguanas
  Ijyb (D:4)
  7 orc wizards
  4 worker ants
  A hound skeleton (D:4)
  4 gnolls (D:6)
  14 adders
  A howler monkey skeleton (D:6)
  2 shadow imps
  2 ufetubi
  An adder skeleton (D:4)
  An adder zombie (D:7)
  4 worms
  4 dart slugs
  4 leopard geckos
  37 orcs
  A ball python (D:1)
  12 bats
  5 giant cockroaches
  6 goblins
  8 hobgoblins
  21 jackals
  4 quokkas
  A frilled lizard (D:3)
  9 kobolds
  A leopard gecko skeleton (D:6)
  A quokka skeleton (D:4)
  11 rats
  A fungus (D:4)
211 creatures vanquished.

Vanquished Creatures (collateral kills)
  A centaur (D:7)
  An orc wizard (D:7)
  An ufetubus (D:7)
  2 orcs (D:7)
  2 quokkas (D:7)
7 creatures vanquished.

Grand Total: 218 creatures vanquished

Notes
Turn   | Place    | Note
-------+----------+-------------------------------------------
     0 | D:1      | Mesmaeker13 the Minotaur Fighter began the quest for the
                  | Orb.
     0 | D:1      | Reached XP level 1. HP: 19/19 MP: 0/0
   156 | D:1      | Reached XP level 2. HP: 25/27 MP: 1/1
   995 | D:1      | Reached XP level 3. HP: 33/33 MP: 2/2
  1434 | D:2      | Found a white marble altar of Elyvilon.
  1730 | D:2      | Reached XP level 4. HP: 41/41 MP: 3/3
  1738 | D:2      | Found a shattered altar of Ashenzari.
  2177 | D:3      | Found a shimmering altar of Xom.
  2177 | D:3      | Noticed an angel
  2178 | D:3      | Found a glowing silver altar of Zin.
  2316 | D:3      | Found a stormy altar of Qazlal.
  2401 | D:3      | Reached XP level 5. HP: 46/47 MP: 4/4
  2936 | D:3      | Reached skill level 5 in Shields
  3021 | D:3      | Reached skill level 5 in Fighting
  3070 | D:3      | Reached skill level 5 in Armour
  3116 | D:3      | Reached XP level 6. HP: 56/56 MP: 5/5
  3571 | D:4      | Reached XP level 7. HP: 43/62 MP: 6/6
  3576 | D:4      | Reached skill level 5 in Long Blades
  3808 | D:4      | Found an iron altar of Okawaru.
  3814 | D:4      | Became a worshipper of Warmaster Okawaru
  3980 | D:4      | Noticed Ijyb
  3984 | D:4      | Killed Ijyb
  4288 | D:4      | Found a runed translucent door.
  4289 | D:4      | Noticed Crazy Yiuf
  4299 | D:4      | Killed Crazy Yiuf
  4391 | D:5      | Entered Level 5 of the Dungeon
  4586 | D:5      | Found a shadowy altar of Dithmenos.
  4595 | D:5      | Reached skill level 1 in Evocations
  4800 | D:5      | Found Gozag's Platinum Reserve.
  4822 | D:5      | Found a staircase to the Ecumenical Temple.
  4947 | D:5      | Found an opulent altar of Gozag.
  5767 | D:6      | Reached * piety under Okawaru
  5767 | D:6      | Reached XP level 8. HP: 66/71 MP: 7/7
  6701 | D:7      | Noticed Menkaure
  6709 | D:7      | Killed Menkaure
  6862 | D:7      | Found a snail-covered altar of Cheibriados.
  6863 | D:7      | Found a stormy altar of Qazlal.
  7078 | D:7      | Reached ** piety under Okawaru
  7514 | D:6      | Reached XP level 9. HP: 61/79 MP: 8/8
  7522 | D:6      | Reached *** piety under Okawaru
  7966 | D:7      | Found Cuobeudd's Serpentskin Sales.
  8036 | D:7      | Found Zatariut's Food Shoppe.
  9025 | D:8      | Reached **** piety under Okawaru
  9394 | D:8      | Found an iron altar of Okawaru.
  9498 | D:8      | Noticed a two-headed ogre
  9504 | D:8      | Noticed a green ugly thing
  9510 | D:8      | HP: 4/82 [two-headed ogre/+0 giant spiked club (5)]
  9511 | D:8      | Mangled by a two-headed ogre

Illustrated notes

Levels and vault maps discovered:
D:1:      dpeg_arrival_stone_temple_mockup, layout_basic
D:2:      layout_loops_ring, ashenzari_altar_1, elyvilon_altar_5
D:3:      layout_loops_ring, grunt_temple_overflow_order_and_chaos_1,
          grunt_ministairs_8, minmay_misc_feat_hallway,
          nicolae_qazlal_general_emergency
D:4:      layout_cave_pools, old_standard_altar, uniq_ijyb,
          uniq_crazy_yiuf_cottage
D:5:      layout_basic, nicolae_gozag_zags_fifth_avenue, temple_green,
          first_ration, chequers_serial_rivers_large_a, grunt_dithmenos_shadows
D:6:      layout_loops_corners, minmay_checkerbox
D:7:      layout_cave_pools, gammafunk_temple_overflow_statue, serial_shops,
          shop_statue, serial_park, serial_park_gazebo
          [serial_park_minivault_5x5_2], serial_park_tiny_pond,
          serial_park_square3 [serial_park_minivault_5x5_6], serial_park_tiny_1,
          grunt_livestock, kennysheep_cross_room, guppyfry_shop_venom,
          uniq_menkaure
D:8:      layout_basic, tso_oasis_becter, serial_shops,
          nicolae_shop_overgrown_old_shop, kennysheep_okawaru_gauntlet

Skill      XL: |  1  2  3  4  5  6  7  8  9 |
---------------+----------------------------+-----
Fighting       | 4 5 6 7 8 |  8.8
Armour         | 4 5 6 7 8 |  8.8
Shields        | 4 5 6 7 8 |  8.8
Long Blades    | 3 4 5 7 8 |  8.2
Evocations     | 1 3 4 |  4.7

Action                   |  1- 3 |  4- 6 |  7- 9 || total
-------------------------+-------+-------+-------++-------
Melee: Long sword        |   117 |   182 |   391 ||   690
       Headbutt          |    10 |    26 |    83 ||   119
Throw: Dart              |       |       |     5 ||     5
Invok: Heroism           |       |       |     1 ||     1
Evoke: Wand              |       |       |     3 ||     3
  Use: Scroll            |       |       |     7 ||     7
  Eat: Ration            |     2 |     1 |     5 ||     8
Armor: Scale mail        |    60 |    69 |    33 ||   162
       Plate armour      |       |       |   187 ||   187
Dodge: Dodged            |    42 |    41 |    91 ||   174
Block: Kite shield       |    72 |    75 |   258 ||   405
       Rpst.: Long sword |    10 |    11 |    18 ||    39

Table legend:
 A = Non-vault XP
 B = Vault XP
 C = Vault XP percentage of total XP
 D = Non-vault monster count
 E = Vault monster count
 F = Vault count percentage of total count
                 A         B        C        D         E       F
            +---------+---------+-------+---------+---------+-------
      Total |    3863 |    1626 |  29.6 |     198 |      19 |   8.8
            +---------+---------+-------+---------+---------+-------
        D:1 |      52 |       0 |   0.0 |      28 |       0 |   0.0
        D:2 |      69 |       0 |   0.0 |      18 |       0 |   0.0
        D:3 |     274 |      10 |   3.5 |      38 |       4 |   9.5
        D:4 |     466 |      74 |  13.7 |      25 |       2 |   7.4
        D:5 |     101 |     120 |  54.3 |       6 |       1 |  14.3
        D:6 |     522 |    1067 |  67.1 |      26 |       9 |  25.7
        D:7 |    1144 |     355 |  23.7 |      31 |       3 |   8.8
        D:8 |    1235 |       0 |   0.0 |      26 |       0 |   0.0
            +---------+---------+-------+---------+---------+-------
